 Dungeon Crawl Stone Soup version 0.29-a0-322-g68df515428 (webtiles) character file.

Game seed: 1878056084117682495

93 GigaChad the Bolt Thrower (level 4, 0/38 HPs)
             Began as a Minotaur Hunter on Apr 5, 2022.
             Slain by a jackal (1 damage)
             ... on level 3 of the Dungeon.
             The game lasted 00:07:41 (1143 turns).

GigaChad the Bolt Thrower (Minotaur Hunter)         Turns: 1143, Time: 00:07:41

Health: 0/38       AC: 10    Str: 16    XL:     4   Next: 36%
Magic:  3/3        EV:  4    Int:  6    God:
Gold:   45         SH:  0    Dex: 15    Spells: 3/3 levels left

rFire   + . .      SeeInvis .   i - +0 halberd
rCold   . . .      Faith    .   (shield currently unavailable)
rNeg    + . .      Spirit   .   d - +2 chain mail {Will+}
rPois   .          Reflect  .   (helmet restricted)
rElec   .          Harm     .   (no cloak)
rCorr   .          Rampage  .   (no gloves)
Will    +....                   (no boots)
Stlth   ..........              (no amulet)
HPRegen 0.12/turn               f - ring of protection from fire
MPRegen 0.08/turn               k - ring of positive energy

@: silenced, constricted
A: horns 2, retaliatory headbutt
a: no special abilities


You were on level 3 of the Dungeon.
You visited 1 branch of the dungeon, and saw 3 of its levels.

You collected 45 gold pieces.

Inventory:

Hand Weapons
 a - a +1 hand crossbow
 h - a +0 flail
 i - a +0 halberd (weapon)
 l - a +0 trident
Armour
 b - a +0 leather armour
 d - a +2 chain mail of willpower (worn)
Jewellery
 f - a ring of protection from fire (left hand)
 k - a ring of positive energy (right hand)
Scrolls
 c - a scroll of immolation
 g - 2 scrolls of identify {unknown}
Potions
 e - 3 potions of curing {unknown}
 j - a potion of ambrosia {unknown}
 m - 4 potions of mutation {unknown}


   Skills:
 + Level 3.1 Fighting
 + Level 0.7 Polearms
 + Level 5.9 Crossbows
 + Level 1.2 Armour
 + Level 2.2 Dodging
 + Level 0.7 Stealth


You had 3 spell levels left.
You didn't know any spells.
Your spell library contained the following spells:

 Spells                   Type           Power      Damage    Failure   Level
 Magic Dart               Conj           0%         1d3       100%        1
 Call Imp                 Summ           0%         N/A       100%        2
 Corpse Rot               Necr/Air       0%         N/A       100%        2
 Poisonous Vapours        Pois/Air       0%         N/A       100%        2
 Mephitic Cloud           Conj/Pois/Air  0%         N/A       100%        3


Dungeon Overview and Level Annotations

Branches:
Dungeon (3/15)

Altars:

Annotations:
D:3 Grinder


Innate Abilities, Weirdness & Mutations

You have a pair of horns on your head.
You reflexively headbutt those who attack you in melee.


Message History

The ball python constricts you. Grinder hits you!
* * * LOW HITPOINT WARNING * * *
You writhe in agony.
* * * LOW HITPOINT WARNING * * *
The jackal bites you but does no damage.
The jackal barely misses you.
The ball python bites you but does no damage.
The ball python constricts you.
Unknown command.
You closely miss Grinder. Your headbutt misses Grinder.
Grinder is moderately wounded.
Grinder hits you but does no damage.
The jackal bites you but does no damage.
The jackal completely misses you.
The ball python bites you but does no damage.
The ball python constricts you. Grinder gestures at you.
Pain shoots through your body!
* * * LOW HITPOINT WARNING * * *
The jackal bites you but does no damage.
The jackal bites you.
* * * LOW HITPOINT WARNING * * *
Unknown command.
You slash Grinder! You headbutt Grinder.
Grinder is severely wounded.
The ball python bites you.
* * * LOW HITPOINT WARNING * * *
The ball python constricts you. The jackal barely misses you.
The jackal bites you but does no damage.
Grinder gestures at you.
You easily resist.
The ball python bites you but does no damage.
The ball python constricts you.
The jackal bites you but does no damage.
The jackal completely misses you. You furiously retaliate!
You headbutt the jackal, but do no damage.
As you read the scroll labelled YSODGHI ZASH, it crumbles to dust.
A profound silence engulfs you.
It was a scroll of silence.
Grinder blinks!
The jackal bites you.
You die...

###.###.##
.. .. #..#
## ## ##.# #
#.# #. #.#
##.####.#
......#.##
#.hh.####.#
#B§@.5....#
#..S..######
#...#.##
#...?..#
#....###
##... ##.


You could see Grinder (unsilenced), 2 jackals, a giant cockroach and a ball
python.

Vanquished Creatures
  3 gnolls (D:2)
  2 adders (D:2)
  A worm (D:2)
  2 dart slugs
  2 endoplasms
  2 giant cockroaches (D:1)
  9 goblins
  2 hobgoblins
  3 kobolds
  A quokka (D:2)
  4 ball pythons
  4 bats
  2 frilled lizards (D:2)
  7 rats
44 creatures vanquished.

Notes
Turn   | Place    | Note
-------+----------+-------------------------------------------
     0 | D:1      | GigaChad the Minotaur Hunter began the quest for the Orb.
     0 | D:1      | Reached XP level 1. HP: 18/18 MP: 0/0
   112 | D:1      | Reached XP level 2. HP: 25/25 MP: 1/1
   176 | D:1      | Reached skill level 5 in Crossbows
   472 | D:2      | Reached XP level 3. HP: 25/30 MP: 2/2
   548 | D:2      | Reached skill level 1 in Armour
   559 | D:2      | HP: 1/30 [gnoll/+0 halberd (2)]
   678 | D:2      | Reached XP level 4. HP: 14/37 MP: 3/3
  1127 | D:3      | Noticed Grinder
  1130 | D:3      | Paralysed by Grinder for 6 turns
  1142 | D:3      | HP: 1/38 [ball python (2)]
  1143 | D:3      | Slain by a jackal

Illustrated notes

Levels and vault maps discovered:
D:1:      tarquinn_simple_flora_water_e, layout_rooms,
          shapermc_ecumenical_altar_mp_vishouse
D:2:      layout_loops_ring
D:3:      layout_loops_ring, nicolae_uskayaw_murder_on_the_dancefloor,
          kennysheep_cross_bottleneck, minivault_19, minmay_snake_closets,
          uniq_crazy_yiuf_cottage, uniq_jessica, uniq_grinder, uniq_sigmund

Skill      XL: |  1  2  3  4 |
---------------+-------------+-----
Crossbows      | 5 |  5.9
Armour         | 1 |  1.2
Fighting       | 3 |  3.1
Polearms       | |  0.7
Dodging        | |  2.2
Stealth        | |  0.7

Action                   |  1- 3 |  4- 6 || total
-------------------------+-------+-------++-------
Melee: Halberd           |     2 |    29 ||    31
       Flail             |     2 |       ||     2
       Headbutt          |     1 |     3 ||     4
 Fire: Hand crossbow     |    71 |     9 ||    80
  Use: Scroll            |     2 |     1 ||     3
Armor: Chain mail        |    51 |    55 ||   106
       Leather armour    |     1 |       ||     1
Dodge: Dodged            |    23 |    25 ||    48

Table legend: (Time is in decaauts)
 A = Elapsed time spent in this place.
 B = Non-inter-level travel time spent in this place.
 C = Inter-level travel time spent in this place.
 D = Time resting spent in this place.
 E = Time spent auto-exploring this place.
 F = Levels seen in this place.
 G = Mean time per level.
                   A        B        C        D        E       F      G
               +--------+--------+--------+--------+--------+-----+--------+
         Total |   1211 |   1202 |      9 |      0 |    129 |   3 |  403.7 |
       Dungeon |   1211 |   1202 |      9 |      0 |    129 |   3 |  403.7 |
               +--------+--------+--------+--------+--------+-----+--------+

Top non-repeatable levels by time:
     D:2: 546 daAuts
     D:1: 500 daAuts
     D:3: 164 daAuts
